 Dungeon Crawl Stone Soup version 0.31.0-9-g3a7656b989 (webtiles) character file.

Game seed: 13768835951350821867

34 Amplified the Magician (level 3, -2/26 HPs)
             Began as a Mummy Alchemist on Jan 30, 2024.
             Killed by divine providence
             ... invoked by an orc priest
              (12 damage)
             ... on level 3 of the Dungeon.
             The game lasted 00:03:13 (1569 turns).

Amplified the Magician (Mummy Alchemist)            Turns: 1569, Time: 00:03:13

Health: -2/26      AC:  6    Str: 13    XL:     3   Next: 14%
Magic:  7/7        EV: 12    Int: 14    God:
Gold:   63         SH:  0    Dex: 12    Spells: 7/8 levels left

rFire   x . .        g - +0 dagger (flame)
rCold   + . .        (no shield)
rNeg    + + +        a - +0 robe
rPois   ∞            e - +2 helmet
rElec   .            (no cloak)
rCorr   .            (no gloves)
SInv    .            d - +0 pair of boots
Will    .....        (no amulet)
Stlth   ++           (no ring)
HPRegen 0.24/turn    (no ring)
MPRegen 0.10/turn

%: faith
@: no status effects
A: cold resistance 1, negative energy resistance 3, torment resistance 2, heat
vulnerability 1, in touch with death 1, no potions, faith
a: no special abilities


You were on level 3 of the Dungeon.
You visited 1 branch of the dungeon, and saw 3 of its levels.

You collected 117 gold pieces.
You spent 54 gold pieces at shops.

Inventory:

Hand Weapons
 c - a +0 mace
 g - a +0 dagger of flaming (weapon)
Missiles
 b - 4 poisoned darts
Armour
 a - a +0 robe (worn)
 d - a +0 pair of boots (worn)
 e - a +2 helmet (worn)
Scrolls
 f - a scroll of vulnerability
 h - a scroll of identify


   Skills:
 * Level 1.3 Fighting
 * Level 0.5 Maces & Flails
 - Level 1.5 Dodging
 - Level 1.5 Stealth
 * Level 3.3 Spellcasting
 - Level 0.7 Conjurations
 * Level 2.8 Alchemy


You had 7 spell levels left.
You knew the following spells:

 Your Spells              Type           Power      Damage    Failure   Level
a - Sting                 Conj/Alch      28%        1d4       10%         1

Your spell library contained the following spells:

 Spells                   Type           Power      Damage    Failure   Level
 Mercury Vapours          Alch/Air       12%        N/A       19%         2
 Sandblast                Erth           4%         2d4       22%         1
 Mephitic Cloud           Conj/Alch/Air  5%         N/A       36%         3
 Stone Arrow              Conj/Erth      6%         3d7       47%         3
 Passwall                 Erth           2%         N/A       54%         3
 Olgreb's Toxic Radiance  Alch           10%        N/A       54%         4
 Sticky Flame             Fire/Alch      6%         2d4       75%         4
 Brom's Barrelling Bould  Conj/Erth      3%         2d3       87%         4


Dungeon Overview and Level Annotations

Branches:
Dungeon (3/15)

Altars:
Fedhas

Shops:
D:2 [


Innate Abilities, Weirdness & Mutations

You are immune to poison.
Your flesh is cold resistant. (rC+)
You are immune to negative energy. (rN+++)
You are immune to unholy pain and torment.
You are vulnerable to heat. (rF-)
You are in touch with the powers of death.
You do not drink.
You have a special connection with the divine. (Faith)


Message History

You aren't carrying any items that you can evoke.
Unknown command.
Okay, then.
The orc attacks as it pursues you! The orc hits you with a +0 dagger.
The frilled lizard bites you but does no damage.
The frilled lizard bites you but does no damage.
The orc priest invokes the aid of Beogh against you.
Beogh smites you!
Ouch! That really hurt!
* * * LOW HITPOINT WARNING * * *
A goblin comes into view. It is wielding a +0 club.
Things that are here:
a +0 dagger; a kobold corpse You can't drink.
Unknown command.
Sorry, you're not good enough to have a special ability.
Unknown command.
Okay, then.
Casting: Sting (safe; 10% risk of failure)
Confirm with . or Enter, or press ? or * to list all spells.
Aiming: Sting (safe; 10% risk of failure)
Press: ? - help, Shift-Dir - straight line, f - frilled lizard
Aim: a frilled lizard (48% to hit)
The sting misses the frilled lizard.
The goblin shouts!
The frilled lizard bites you.
* * * LOW HITPOINT WARNING * * *
The goblin closely misses you. The goblin closely misses you.
Okay, then.
The frilled lizard hisses.
The goblin attacks as it pursues you! The goblin closely misses you.
The goblin attacks as it pursues you! The goblin hits you but does no damage.
You aren't carrying any items that you can evoke.
Unknown command.
Okay, then.
Found a clear potion.
The orc priest mumbles some strange prayers to Beogh against you.
Beogh smites you!
You die...

# ##!
#...######
#......####
#@.g.o.###
#.####ol.##
#....###..##
#..#...##..#
##.#
...##.## #.#
...#..# #..
..##.# #..
..#.##
#..###.#..#


You could see an orc priest, an orc, a goblin and a frilled lizard.

Vanquished Creatures
  An adder (D:3)
  2 orcs (D:3)
  4 ball pythons (D:1)
  A giant cockroach (D:3)
  2 goblins (D:2)
  3 hobgoblins
  3 kobolds
  A quokka (D:1)
  2 bats
  A frilled lizard (D:2)
  3 rats
23 creatures vanquished.

Notes
Turn   | Place    | Note
-------+----------+-------------------------------------------
     0 | D:1      | Amplified the Mummy Alchemist began the quest for the Orb.
     0 | D:1      | Reached XP level 1. HP: 13/13 MP: 4/4
   567 | D:1      | Reached skill level 3 in Spellcasting
   567 | D:1      | Reached XP level 2. HP: 20/20 MP: 4/6
   945 | D:2      | Reached skill level 1 in Fighting
  1237 | D:2      | Found Cotet's Armour Emporium.
  1244 | D:2      | Bought a +0 pair of boots for 54 gold pieces
  1451 | D:3      | Found a blossoming altar of Fedhas.
  1495 | D:3      | Reached XP level 3. HP: 18/26 MP: 5/7
  1569 | D:3      | Killed from afar by an orc priest

Illustrated notes

Levels and vault maps discovered:
D:1:      nzn_arrival_depleted_hourglass, layout_basic
D:2:      layout_loops_ring, serial_shops, nicolae_shop_statue_plus
D:3:      minmay_evil_eye, layout_basic, mainiacjoe_overflow_boulevard

Skill      XL: |  1  2 |
---------------+-------+-----
Spellcasting   | 3 |  3.3
Fighting       | 1 |  1.3
Maces & Flails | |  0.5
Dodging        | |  1.5
Stealth        | |  1.5
Conjurations   | |  0.7
Alchemy        | |  2.8

Action                     || total
---------------------------++-------
  Melee: Unarmed           ||    13
         Mace              ||    48
         Dagger            ||    13
   Cast: Sting             ||    17
    Use: Scroll            ||     4
   Stab: Sleeping          ||     3
 Armour: Robe              ||    65
  Dodge: Dodged            ||    82
